 Dungeon Crawl Stone Soup version 0.30-a0-622-gddc90eaa04 (webtiles) character file.

Game seed: 10862305617219725495

959 hikkokomori the Conjurer (level 8, -3/54 HPs)
             Began as an Octopode Conjurer on Jan 11, 2023.
             Was an Initiate of Gozag.
             Killed from afar by a steam dragon (23 damage)
             ... with a ball of steam
             ... on level 6 of the Dungeon.
             The game lasted 00:09:10 (5560 turns).

hikkokomori the Conjurer (Octopode Conjurer)        Turns: 5560, Time: 00:09:10

Health: -3/54      AC:  1    Str:  6    XL:     8   Next: 14%
Magic:  10/14      EV: 13    Int: 23    God:    Gozag
Gold:   343        SH:  0    Dex: 10    Spells: 9/16 levels left

rFire   . . .      SeeInvis .    i - +3 hand axe
rCold   . . .      Faith    .    (no shield)
rNeg    . . .      Spirit   .    (helmet restricted)
rPois   .          Reflect  .    (no amulet)
rElec   .          Harm     .    f - ring of resist corrosion
rCorr   +          Rampage  .    (no ring)
Will    .....                    (no ring)
Stlth   +++                      (no ring)
HPRegen 0.29/turn                (no ring)
MPRegen 0.14/turn                (no ring)
                                 (no ring)
                                 (no ring)

@: very slightly contaminated
A: almost no armour, amphibious, 8 rings, camouflage 1, gelatinous body 1,
(nimble swimmer 1), tentacles
a: Renounce Religion, Potion Petition, Call Merchant, Bribe Branch


You were on level 6 of the Dungeon.
You worshipped Gozag.
Gozag was aware of your devotion.
You visited 2 branches of the dungeon, and saw 7 of its levels.

You collected 458 gold pieces.
You paid 115 gold pieces to Gozag.

Inventory:

Hand Weapons
 i - a +3 hand axe (weapon)
Missiles
 o - a throwing net
Armour
 b - an orb of light
Jewellery
 f - a ring of resist corrosion (left tentacle)
Scrolls
 d - 6 scrolls of identify
 e - a scroll of amnesia
 h - a scroll of butterflies {unknown}
 k - a scroll of fear
 q - a scroll of enchant weapon {unknown}
Potions
 a - 3 potions of magic
 c - 2 potions of degeneration {unknown}
 g - 5 potions of brilliance {unknown}
 j - a potion of flight {unknown}
 l - 2 potions of haste {unknown}
 m - a potion of heal wounds
 n - a potion of lignification {unknown}
 p - a potion of mutation {unknown}
 r - a potion of might {unknown}
 s - a potion of berserk rage {unknown}


   Skills:
 + Level 3.8 Fighting
 - Level 2.3 Dodging
 - Level 4.0 Stealth
 + Level 4.6 Spellcasting
 + Level 6.1 Conjurations
 + Level 3.8 Hexes


You had 9 spell levels left.
You knew the following spells:

 Your Spells              Type           Power      Damage    Failure   Level
a - Magic Dart            Conj           100%       1d8       1%          1
b - Searing Ray           Conj           66%        2d6       1%          2
c - Fulminant Prism       Conj/Hex       14%        3d9       13%         4

Your spell library contained the following spells:

 Spells                   Type           Power      Damage    Failure   Level
 Dazzling Flash           Conj/Hex       56%        N/A       3%          3
 Ensorcelled Hibernation  Hex/Ice        28%        N/A       7%          2
 Stone Arrow              Conj/Erth      38%        3d9       9%          3
 Sandblast                Erth           10%        2d5       10%         1
 Passwall                 Tmut/Erth      4%         N/A       16%         2
 Sublimation of Blood     Necr           5%         N/A       16%         2
 Iskenderun's Mystic Bla  Conj/Tloc      19%        2d6       28%         4
 Frozen Ramparts          Ice            10%        1d2       30%         3
 Gell's Gravitas          Tloc           5%         N/A       30%         3
 Spider Form              Tmut/Pois      5%         N/A       30%         3
 Teleport Other           Tloc           5%         N/A       30%         3
 Anguish                  Hex/Necr       7%         N/A       41%         4
 Irradiate                Conj/Tmut      9%         3d14      61%         5
 Ice Form                 Ice/Tmut       5%         N/A       69%         4
 Petrify                  Tmut/Erth      5%         N/A       69%         4
 Summon Ice Beast         Ice/Summ       5%         N/A       69%         4
 Dispersal                Tloc           2%         N/A       100%        6
 Lehudib's Crystal Spear  Conj/Erth      9%         10d4      100%        8
 Animate Armour           Summ/Erth      Unusable   N/A       N/A         4

Dungeon Overview and Level Annotations

Branches:
Dungeon (6/15)             Temple (1/1) D:5

Altars:
Cheibriados
Elyvilon
Fedhas
Gozag
Hepliaklqana
Makhleb
Nemelex Xobeh
Okawaru
Qazlal
Ru
Sif Muna
Vehumet
Wu Jian
Xom
Yredelemnul
Zin
The Shining One


Innate Abilities, Weirdness & Mutations

You cannot wear most types of armour.
You are amphibious.
You can wear up to eight rings at the same time.
Your skin changes colour to match your surroundings (Stealth+).
Your rubbery body absorbs attacks. (AC +1, EV +1)
((You are camouflaged when in or above water. (Stealth+)))
You have tentacles for arms and can constrict up to eight enemies at once.


Message History

Found 7 stones.
You now have 317 gold pieces (gained 6).
s - a sapphire potion You now have 335 gold pieces (gained 18).
A bullfrog comes into view.
A bullfrog is nearby!
A bullfrog is nearby!
A bullfrog is nearby!
You hit the bullfrog. You grab the bullfrog. You squeeze the bullfrog!
The bullfrog is heavily wounded.
You constrict the bullfrog. The bullfrog hits you. The bullfrog hits you!
You slash the bullfrog!
You kill the bullfrog!
No target in view!
No target in view!
You now have 343 gold pieces (gained 8).
Found a short sword.
You see here a +0 short sword.
You pick up a book of Rime and begin reading...
You add the spells Frozen Ramparts, Ice Form and Summon Ice Beast to your library.
A steam dragon comes into view.
A steam dragon is nearby!
A steam dragon is nearby!
The steam dragon hisses angrily.
The steam dragon breathes steam at you. The ball of steam hits you!!
Casting: Searing Ray (safe; 1% risk of failure)
Confirm with . or Enter, or press ? or * to list all spells.
Aiming: Fulminant Prism (dangerous; 13% risk of failure)
Press: ? - help, Dir - move target You miscast Fulminant Prism.
You are very lightly contaminated with residual magic.
Nothing appears to happen.
You are engulfed in a cloud of scalding steam.
Unknown command.
You are engulfed in a cloud of scalding steam.
The steam dragon breathes steam at you. The ball of steam hits you!!
You die...
Your body crumbles into a pile of gold.

## ## #. .# ######.## #.#
#.......# #######.###
...§§...# #.........##
#....D§§###..........#
#......§@...####.#...####
#.....§.###.##..##.#.....
#.......# #.##.#.#...#.##
#...................)..##
####.###.....####..#.#.##
#. .###.# #..#.#... #. ..
..# #..#.###. # ## #..#.#
#. .....###.


You could see a steam dragon (catching breath).

Vanquished Creatures
  2 ogres (D:4)
  A bullfrog (D:6)
  3 scorpions
  4 killer bees (D:5)
  3 orc priests (D:5)
  Crazy Yiuf (D:3)
  Jessica (D:2)
  2 orc wizards (D:5)
  4 gnolls (D:6)
  6 adders
  A worm (D:5)
  4 dart slugs
  18 orcs
  3 ball pythons
  5 endoplasms
  A giant cockroach (D:1)
  4 goblins
  9 hobgoblins
  2 quokkas
  5 bats
  5 kobolds
  3 rats
87 creatures vanquished.

Vanquished Creatures (others)
  3 fulminant prisms
3 creatures vanquished.

Grand Total: 90 creatures vanquished

Notes
Turn   | Place    | Note
-------+----------+-------------------------------------------
     0 | D:1      | hikkokomori the Octopode Conjurer began the quest for the
                  | Orb.
     0 | D:1      | Reached XP level 1. HP: 11/11 MP: 3/3
   101 | D:1      | Reached XP level 2. HP: 12/17 MP: 0/5
   680 | D:1      | Learned a level 2 spell: Searing Ray
   684 | D:1      | Reached XP level 3. HP: 21/21 MP: 1/6
  1293 | D:2      | Noticed Jessica
  1297 | D:2      | Killed Jessica
  1302 | D:2      | Reached XP level 4. HP: 24/27 MP: 0/8
  1896 | D:2      | Learned a level 4 spell: Fulminant Prism
  2170 | D:3      | Found a faded altar of an unknown god.
  2288 | D:3      | Found a runed translucent door.
  2289 | D:3      | Noticed Crazy Yiuf
  2454 | D:3      | Killed Crazy Yiuf
  2455 | D:3      | Reached XP level 5. HP: 32/32 MP: 5/9
  2609 | D:4      | Reached skill level 1 in Fighting
  2609 | D:4      | Reached skill level 1 in Hexes
  2700 | D:4      | Found a sparkling altar of Nemelex Xobeh.
  2708 | D:4      | Noticed an ogre
  2722 | D:4      | Killed an ogre
  2723 | D:4      | Reached skill level 5 in Conjurations
  2723 | D:4      | Reached XP level 6. HP: 37/39 MP: 1/11
  3467 | D:4      | Reached XP level 7. HP: 45/45 MP: 3/12
  3767 | D:5      | Entered Level 5 of the Dungeon
  4879 | D:5      | Found a staircase to the Ecumenical Temple.
  4891 | Temple   | Entered the Ecumenical Temple
  4940 | Temple   | Became a worshipper of Gozag Ym Sagoz the Greedy
  5164 | D:6      | Reached XP level 8. HP: 19/52 MP: 11/14
  5318 | D:6      | Reached skill level 6 in Conjurations
  5560 | D:6      | Killed from afar by a steam dragon

Illustrated notes

Levels and vault maps discovered:
D:1:      heliophobic_arrival_henge, layout_loops_cross, serial_bayou_pond_b
D:2:      layout_basic, uniq_jessica
D:3:      layout_rooms, dreamdust_ecumenical_altar_grove,
          hangedman_decor_peaks_small, uniq_crazy_yiuf_cottage
D:4:      layout_basic, mainiacjoe_overflow_cross_hatched
D:5:      layout_basic, temple_hall
D:6:      layout_loops_ring, minivault_10, kennysheep_doodads, uniq_menkaure
Temple:   nicolae_temple_elliptical

Skill      XL: |  1  2  3  4  5  6  7  8 |
---------------+-------------------------+-----
Stealth        | 3 4 |  4.0
Spellcasting   | 3 4 |  4.6
Fighting       | 2 3 |  3.8
Hexes          | 1 2 3 |  3.8
Conjurations   | 5 6 |  6.1
Dodging        | |  2.3

Action                   |  1- 3 |  4- 6 |  7- 9 || total
-------------------------+-------+-------+-------++-------
Melee: Unarmed           |     7 |       |       ||     7
       Constrict         |     4 |     9 |     8 ||    21
       Tentacles         |     1 |     9 |     7 ||    17
       Hand axe          |     5 |    47 |    25 ||    77
       Punch             |       |     1 |       ||     1
 Cast: Magic Dart        |    50 |     3 |    41 ||    94
       Searing Ray       |     1 |     8 |     6 ||    15
       Fulminant Prism   |       |     1 |     2 ||     3
  Use: Potion            |       |     1 |     1 ||     2
       Scroll            |       |     4 |     3 ||     7
 Stab: Sleeping          |       |     8 |     2 ||    10
Armor: Skin              |     2 |     3 |     2 ||     7
Dodge: Dodged            |     8 |    39 |    39 ||    86

Table legend: (Time is in decaauts)
 A = Elapsed time spent in this place.
 B = Non-inter-level travel time spent in this place.
 C = Inter-level travel time spent in this place.
 D = Time resting spent in this place.
 E = Time spent auto-exploring this place.
 F = Levels seen in this place.
 G = Mean time per level.
                   A        B        C        D        E       F      G
               +--------+--------+--------+--------+--------+-----+--------+
         Total |   5592 |   5338 |    254 |    405 |   4202 |   7 |  798.9 |
       Dungeon |   5414 |   5196 |    218 |    405 |   4112 |   6 |  902.3 |
        Temple |    177 |    141 |     36 |      0 |     90 |   1 |  177.0 |
               +--------+--------+--------+--------+--------+-----+--------+

Top non-repeatable levels by time:
     D:4: 1232 daAuts
     D:1: 1107 daAuts
     D:5: 1085 daAuts
     D:2: 846 daAuts
     D:3: 682 daAuts
     D:6: 460 daAuts
  Temple: 177 daAuts
